 Dungeon Crawl Stone Soup version 0.31-a0-1002-g8e65716 (webtiles) character file.

Game seed: 155531699905165903

142 SugarBolt the Grave Robber (level 5, -3/28 HPs)
             Began as a Vampire Necromancer on Nov 9, 2023.
             Slain by a hobgoblin (6 damage)
             ... led by Robin
             ... on level 2 of the Dungeon.
             The game lasted 00:08:02 (2655 turns).

SugarBolt the Grave Robber (Vampire Necromancer)    Turns: 2655, Time: 00:08:02

Health: -3/28      AC:  6    Str:  7    XL:     5   Next: 3%
Magic:  0/10       EV: 12    Int: 19    God:
Gold:   101        SH:  0    Dex: 15    Spells: 10/11 levels left

rFire   . . .        e - +0 dagger
rCold   + + .        (no shield)
rNeg    + + +        a - +0 robe
rPois   ∞            (no helmet)
rElec   .            (no cloak)
rCorr   .            (no gloves)
SInv    +            (no boots)
Will    +....        c - amulet of regeneration
Stlth   ++++         f - +4 ring of protection
HPRegen 0.00/turn    h - ring of willpower
MPRegen 0.12/turn

%: no passive effects
@: bloodless, inhibited regen
A: bloodless, fangs 3, see invisible, vampiric 2
a: Bat Form, Revivify


You were on level 2 of the Dungeon.
You visited 1 branch of the dungeon, and saw 3 of its levels.

You collected 101 gold pieces.

Inventory:

Hand Weapons
 e - a +0 dagger (weapon)
Armour
 a - a +0 robe (worn)
Jewellery
 c - an amulet of regeneration (around neck)
 f - a +4 ring of protection (left hand)
 h - a ring of willpower (right hand)
 i - a ring of flight
Scrolls
 d - 4 scrolls of identify {unknown}
 g - a scroll of vulnerability {unknown}
 k - a scroll of immolation
Potions
 b - a potion of magic
 j - 2 potions of might {unknown}


   Skills:
 + Level 2.2 Dodging
 + Level 3.2 Stealth
 + Level 3.5 Spellcasting
 + Level 5.8 Necromancy


You had 10 spell levels left.
You knew the following spells:

 Your Spells              Type           Power      Damage    Failure   Level
a - Necrotise             Necr           100%       1d9       1%          1

Your spell library contained the following spells:

 Spells                   Type           Power      Damage    Failure   Level
 Vampiric Draining        Necr           25%        2d7       3%          3
 Animate Dead             Necr           25%        N/A       13%         4
 Agony                    Necr           25%        N/A       34%         5
 Gell's Gravitas          Tloc           3%         N/A       41%         3
 Teleport Other           Tloc           3%         N/A       41%         3
 Dispersal                Tloc           1%         N/A       100%        6


Dungeon Overview and Level Annotations

Branches:
Dungeon (3/15)

Altars:

Shops:
D:3 =((


Innate Abilities, Weirdness & Mutations

You do not regenerate when monsters are visible.
You are frail without blood (-20% HP).
You can heal yourself when you bite living creatures.
You are immune to poison.
You have razor-sharp teeth.
You have supernaturally acute eyesight. (SInv)
You are afflicted with vampirism and can become a bat while bloodless.


Message History

Aim: Robin, wielding a +0 club, wearing a +0 animal skin and wearing a +0 helmet (almost dead, chance to affect: 88%) Robin barely resists.
The hobgoblin closely misses you. The hobgoblin hits you.
Robin says, "Feeling lonely?"
Robin hits you but does no damage.
Your goblin skeleton misses the hobgoblin.
Casting: Necrotise (safe; 1% risk of failure)
Confirm with . or Enter, or press ? or * to list all spells.
Aiming: Necrotise (safe; 1% risk of failure)
Press: ? - help, Shift-Dir - straight line, f/p - Robin
Aim: Robin, wielding a +0 club, wearing a +0 animal skin and wearing a +0 helmet (almost dead, chance to affect: 88%) Robin writhes in agony.
You kill Robin!
The dead are walking!
The hobgoblin hits you.
* * * LOW HITPOINT WARNING * * *
The hobgoblin closely misses you.
You have reached level 5!
You feel agile.
Your goblin skeleton barely misses the hobgoblin.
The hobgoblin hits you.
* * * LOW HITPOINT WARNING * * *
The hobgoblin barely misses you.
You climb upwards.
Your mindless puppet stays behind to rot.
There is a stone staircase leading down here.
Casting: Necrotise (safe; 1% risk of failure)
Confirm with . or Enter, or press ? or * to list all spells.
Aiming: Necrotise (safe; 1% risk of failure)
Press: ? - help, Shift-Dir - straight line, f - hobgoblin
Aim: a hobgoblin (strong, chance to affect: 93%)
The hobgoblin writhes in agony.
You kill the hobgoblin!
The dead are walking!
The hobgoblin misses you.
Unknown command.
Casting: Necrotise (safe; 1% risk of failure)
Confirm with . or Enter, or press ? or * to list all spells.
Aiming: Necrotise (safe; 1% risk of failure)
Press: ? - help, Shift-Dir - straight line, f - hobgoblin
Aim: a hobgoblin (strong, ally target, chance to affect: 93%)
The hobgoblin writhes in agony.
The hobgoblin hits you.
You die...

#.# #.# #.# #.########
#.#......# ##### #.#.####.###
##...## #.#.####.#.##
#.###.########.#Z#.....#.#
#.# #........@..........##
#.###.######.g...#.##...#####
##...## #.................#
##.## #.#......###.####.#
#####.##### #.....#### #.#
#.# #........<#
####..######.# #.#
#.#...###.# ##.........# #.#
#.#.### #.#
##...###########.##
#.#.#####.# ##.....## ##.....


You could see a hobgoblin (strong, ally target) and a friendly hobgoblin
skeleton.

Vanquished Creatures
  Robin (D:3)
  4 adders
  3 gnolls (D:3)
  2 worms
  A dart slug (D:2)
  An orc (D:3)
  6 endoplasms
  8 goblins
  5 hobgoblins
  4 jackals (D:2)
  3 quokkas
  4 ball pythons
  A bat (D:2)
  3 frilled lizards
  4 kobolds
50 creatures vanquished.

Vanquished Creatures (collateral kills)
  A dart slug (D:2)
  A kobold (D:3)
2 creatures vanquished.

Grand Total: 52 creatures vanquished

Notes
Turn   | Place    | Note
-------+----------+-------------------------------------------
     0 | D:1      | SugarBolt the Vampire Necromancer began the quest for the
                  | Orb.
     0 | D:1      | Reached XP level 1. HP: 13/13 MP: 3/3
   496 | D:1      | Reached XP level 2. HP: 15/15 MP: 3/5
  1205 | D:2      | Reached skill level 5 in Necromancy
  1205 | D:2      | Gained mutation: You are afflicted with vampirism and can
                  | become a bat while bloodless. [Vampire growth]
  1205 | D:2      | Reached XP level 3. HP: 19/19 MP: 2/6
  1779 | D:2      | Reached XP level 4. HP: 24/24 MP: 5/8
  2142 | D:3      | Found a faded altar of an unknown god.
  2262 | D:3      | Found Moiropp's Weapon Shop.
  2289 | D:3      | Found Qiowk's Weapon Shoppe.
  2476 | D:3      | Found Afeobeh's Jewellery Shop.
  2542 | D:3      | Noticed Robin
  2651 | D:3      | Killed Robin
  2652 | D:3      | Reached XP level 5. HP: 8/28 MP: 1/10
  2655 | D:2      | Slain by a hobgoblin

Illustrated notes

Levels and vault maps discovered:
D:1:      amcnicky_arrival_choice, layout_basic, minmay_misc_feat_secret_circle,
          corner_web_ring
D:2:      layout_loops_corners
D:3:      layout_rooms, jmf_multi_god_temple2, serial_shops,
          nicolae_shop_gaudy_bauble, nicolae_shop_bloodbath_and_beyond, shop,
          hellmonk_ecumenical_altar_blasted, minmay_close_crescents, uniq_robin

Skill      XL: |  1  2  3 |
---------------+----------+-----
Necromancy     | 5 |  5.8
Spellcasting   | 3 |  3.5
Dodging        | |  2.2
Stealth        | |  3.2

Action                     |  1- 3 |  4- 6 || total
---------------------------+-------+-------++-------
   Cast: Necrotise         |    63 |    47 ||   110
Ability: Exsanguinate      |     1 |       ||     1
 Armour: Robe              |    12 |    23 ||    35
  Dodge: Dodged            |     7 |    24 ||    31

Table legend: (Time is in decaauts)
 A = Elapsed time spent in this place.
 B = Non-inter-level travel time spent in this place.
 C = Inter-level travel time spent in this place.
 D = Time resting spent in this place.
 E = Time spent auto-exploring this place.
 F = Levels seen in this place.
 G = Mean time per level.
                   A        B        C        D        E       F      G
               +--------+--------+--------+--------+--------+-----+--------+
         Total |   2654 |   2595 |     59 |     28 |   2140 |   3 |  884.7 |
       Dungeon |   2654 |   2595 |     59 |     28 |   2140 |   3 |  884.7 |
               +--------+--------+--------+--------+--------+-----+--------+

Top non-repeatable levels by time:
     D:2: 1461 daAuts
     D:1: 704 daAuts
     D:3: 488 daAuts
